 Dungeon Crawl Stone Soup version 0.15-a0-429-gf5d7e11 (webtiles) character file.

48718 4tharraofdagon the Severer (level 14, -8/135 HPs)
             Began as a Naga Berserker on May 6, 2014.
             Was an Elder of Trog.
             Killed from afar by a deep elf sorcerer (37 damage)
             ... with a bolt of negative energy
             ... on Level 3 of the Elven Halls.
             The game lasted 00:59:36 (7943 turns).

4tharraofdagon the Severer (Naga Berserker)         Turns: 7943, Time: 00:59:36

HP  -8/135       AC 18     Str 25      XL: 14   Next: 45%
MP   1/9         EV  5     Int  7      God: Trog [****..]
Gold 388         SH  0     Dex 13      Spells:  0 memorised, 13 levels left

rFire  . . .     SeeInvis +     r - +2,+4 battleaxe (antimagic)
rCold  + . .     Rnd*Rage +     q - +1 plate armour {rPois}
rNeg   . . .     Conserve +     (no shield)
rPois  +         rCorr    +     (no helmet)
rElec  .         rRot     .     d - +2 cloak {rCorr, Cons}
SustAb . .       Spirit   .     (no gloves)
rMut   +         Warding  .     (no barding)
Saprov . . .     Stasis   .     n - amulet of Chenaof {rMut rC+ Dex+2 SInv}
MR     +++++                    W - +1 ring of protection
                                j - ring of protection from magic

@: regenerating, heavily drained, very slow, almost entirely resistant to
hostile enchantments, extremely unstealthy
A: spit poison, constrict 1, see invisible, berserk 1, deformed body, fast
metabolism 1, magic resistance 1, poison resistance, slowness 2, AC +4
a: Spit Poison, Burn Spellbooks, Berserk, Trog's Hand, Brothers in Arms,
Renounce Religion


You were on level 3 of the Elven Halls.
You worshipped Trog.
Trog was greatly pleased with you.
You were not hungry.

You visited 3 branches of the dungeon, and saw 20 of its levels.

You collected 1890 gold pieces.
You spent 1502 gold pieces at shops.

Inventory:

Hand weapons
 a - a +4,+2 war axe of freezing
 b - a +1,+2 broad axe of chopping
 r - a +2,+4 anti-magic battleaxe (weapon)
 A - a +1,+2 war axe of venom
 E - a +0,+0 bardiche
 Z - a +0,+1 war axe of electrocution
Missiles
 J - a throwing net
 U - 3 javelins (quivered)
Armour
 d - a +2 cloak of preservation (worn)
 q - a +1 plate armour of poison resistance (worn)
 T - a +4 scale mail of cold resistance
Magical devices
 c - a wand of random effects (13)
 h - a wand of digging (9)
 x - a wand of slowing (14)
 I - a wand of confusion (5)
 K - a wand of fireball (4)
 R - a wand of polymorph (8)
 S - a wand of magic darts (8)
 X - a wand of hasting (8)
Comestibles
 i - a bread ration
 t - 3 chunks of elf flesh
 u - 7 meat rations
Scrolls
 e - 2 scrolls of teleportation
 f - 2 scrolls of immolation
 g - 5 scrolls of remove curse
 m - a scroll of fog
Jewellery
 j - a ring of protection from magic (left hand)
 n - the amulet of Chenaof (around neck) {rMut rC+ Dex+2 SInv}
   (You took it off a deep elf annihilator on level 3 of the Elven Halls)

   [amulet of resist mutation]

   It protects you from mutation.
   It affects your dexterity (+2).
   It protects you from cold.
   It enhances your eyesight.
 W - a +1 ring of protection (right hand)
Potions
 k - a potion of confusion
 l - 3 potions of magic
 o - a potion of flight
 p - a potion of haste
 v - 7 potions of curing
 w - 3 potions of heal wounds
 B - a potion of berserk rage
 D - 5 potions of restore abilities
 G - a potion of cure mutation
 N - 2 potions of poison
 Q - 2 potions of paralysis
Books
 L - a book of Hinderance

   Spells                             Type                      Level
   Confusing Touch                    Hexes                        1
   Confuse                            Hexes                        3
   Petrify                            Transmutation/Earth          4
   Leda's Liquefaction                Hexes/Earth                  4
   Metabolic Englaciation             Hexes/Ice                    5
   Summon Mana Viper                  Hexes/Summoning              5
   Trog disapproves of the use of such an item.
 O - a Young Poisoner's Handbook

   Spells                             Type                      Level
   Sting                              Conjuration/Poison           1
   Cure Poison                        Poison                       2
   Mephitic Cloud                     Conjuration/Poison/Air       3
   Olgreb's Toxic Radiance            Poison                       4
   Venom Bolt                         Conjuration/Poison           5
   Trog disapproves of the use of such an item.
 V - a book of Air

   Spells                             Type                      Level
   Shock                              Conjuration/Air              1
   Swiftness                          Charms/Air                   2
   Repel Missiles                     Charms/Air                   2
   Flight                             Charms/Air                   3
   Static Discharge                   Conjuration/Air              3
   Lightning Bolt                     Conjuration/Air              5
   Trog disapproves of the use of such an item.
Miscellaneous
 s - a lantern of shadows


   Skills:
 + Level 11.4(9.8) Fighting
 * Level 15.7(13.9) Axes
 + Level 10.0(8.4) Armour
 - Level 1.5(0.3) Dodging
 + Level 11.1(9.5) Evocations


You had 13 spell levels left.
You didn't know any spells.

Dungeon Overview and Level Annotations

Branches:
Dungeon (13/15)            Temple (0/1) D:6             Orc (4/4) D:9
    Elf (3/3) Orc:4        Vaults (0/5) D:13
   Lair: D:8-11

Altars:
Ashenzari
Dithmenos
Makhleb
Okawaru
Vehumet
Beogh

Shops:
D:7 }(!([   Orc:1 (   Orc:3 }   Orc:4 (!*[   Elf:2 %   Elf:3 [


Innate Abilities, Weirdness & Mutations

You cannot wear boots.
You can spit poison.
You can use your snake-like lower body to constrict enemies.
Your serpentine skin is tough (AC +4).
You have supernaturally acute eyesight.
Armour fits poorly on your strangely shaped body.
Your system is resistant to poisons.
You cover ground very slowly.
You tend to lose your temper in combat.
You have a fast metabolism.
You are resistant to hostile enchantments.


Message History

Anything else - Stay silent.
You shout for attention!
The deep elf sorcerer shouts!
Unknown command.
You see here 3 arrows.
Use which ability? (? or * to list)
Your skin crawls.
You feel resistant to hostile enchantments.
You feel slightly more hungry.
Unknown command.
The deep elf sorcerer blocks your attack.
You grab the deep elf sorcerer. You constrict the deep elf sorcerer.
The deep elf sorcerer hits you but does no damage.
Unknown command.
You slash the deep elf sorcerer!
The deep elf sorcerer's magic leaks into the air.
The deep elf sorcerer is lightly wounded.
You constrict the deep elf sorcerer.
The deep elf sorcerer casts a spell at you.
The bolt of negative energy hits you!
You feel drained.
You die...

....... ..(.. ..... ... ...
#e# #.# ######.# #.()@#.#
###e##.# ##.#)#
#################e.#
...................##########
.............................
.........∩....................
..............................
..........)...................


You could see a deep elf sorcerer.

Vanquished Creatures
  2 deep elf blademasters (Elf:3)
  A deep elf master archer (Elf:3)
  3 deep elf sorcerers (Elf:3)
  4 deep elf demonologists (Elf:3)
  A stone giant (Orc:3)
  5 deep elf annihilators (Elf:3)
  2 deep elf death magi (Elf:3)
  A deep elf high priest (Elf:3)
  A centaur warrior (D:13)
  Urug (D:11)
  An orc high priest (Orc:3)
  6 deep elf knights (Elf:3)
  A hill giant (D:12)
  2 deep elf summoners (Elf:3)
  3 deep elf conjurers (Elf:3)
  A harpy (shapeshifter) (D:13)
  Joseph (Orc:4)
  4 orc knights (Orc:4)
  2 orc sorcerers
  A shining eye (shapeshifter) (Elf:3)
  A guardian serpent (shapeshifter) (D:13)
  A gargoyle (D:10)
  An orange demon (Orc:1)
  A komodo dragon (D:12)
  A centaur zombie (D:11)
  2 deep elf priests (Elf:3)
  A blue devil (Orc:1)
  3 slime creatures (D:12)
  A two-headed ogre (D:10)
  A wyvern (D:12)
  2 wraiths (D:12)
  8 deep elf magi
  A hill giant zombie (D:12)
  A human (shapeshifter) (D:13)
  12 yaks
  A hippogriff (D:7)
  4 deep elf fighters (Elf:3)
  A vampire mosquito (D:13)
  2 water moccasins
  8 wargs (Orc:4)
  34 orc warriors
  A sky beast (D:10)
  A yellow wasp (D:12)
  A mottled dragon (D:12)
  3 ice beasts
  11 ogres
  6 centaurs
  A yaktaur zombie (D:12)
  4 giant frogs
  A gnoll sergeant (D:7)
  2 scorpions
  4 killer bees (D:12)
  A troll zombie (D:11)
  A tengu skeleton (D:11)
  A hippogriff skeleton (D:7)
  3 wights (D:12)
  A goliath beetle (D:10)
  15 orc priests
  7 hounds
  5 crimson imps
  27 orc wizards
  A jelly (D:11)
  A quasit (D:7)
  2 big fish (D:12)
  9 worker ants
  A hound zombie (D:8)
  2 mummies
  10 gnolls (D:7)
  A scorpion zombie (D:11)
  5 adders
  A giant mite (D:6)
  An inept feature mimic (D:7)
  3 worms
  An adder skeleton (D:4)
  3 giant geckos
  2 oozes
  164 orcs
  8 bats
  A giant cockroach (D:6)
  13 goblins
  9 hobgoblins
  3 jackals
  10 kobolds
  3 quokkas
  2 ball pythons
  2 giant newts
  A quokka zombie (D:7)
  4 rats
  A rat zombie (D:8)
490 creatures vanquished.

Vanquished Creatures (collateral kills)
  A spectral elf (Elf:3)
  2 orc knights (Orc:4)
  3 orc warriors (Orc:4)
  3 orcs (Orc:4)
  A goblin (Orc:4)
10 creatures vanquished.

Vanquished Creatures (others)
  4 ogres
4 creatures vanquished.

Grand Total: 504 creatures vanquished

Notes
Turn   | Place    | Note
--------------------------------------------------------------
     0 | D:1      | 4tharraofdagon, the Naga Berserker, began the quest for the Orb.
     0 | D:1      | Reached XP level 1. HP: 21/21 MP: 1/1
    62 | D:1      | Identified a +1 cloak of preservation (You found it on level 1 of the Dungeon)
   297 | D:1      | Reached XP level 2. HP: 25/28 MP: 2/2
   496 | D:2      | Reached XP level 3. HP: 30/34 MP: 3/3
   682 | D:3      | Reached skill level 4 in Axes
   684 | D:3      | Acquired Trog's second power
   702 | D:3      | Noticed a phantom
   708 | D:3      | Reached XP level 4. HP: 42/42 MP: 4/4
   835 | D:3      | Reached XP level 5. HP: 49/49 MP: 5/5
   903 | D:3      | Found a shadowy altar of Dithmenos.
  1011 | D:5      | Entered Level 5 of the Dungeon
  1024 | D:5      | Reached skill level 5 in Axes
  1083 | D:5      | Reached XP level 6. HP: 38/57 MP: 6/6
  1237 | D:6      | Found a burning altar of Makhleb.
  1241 | D:6      | Found a radiant altar of Vehumet.
  1243 | D:6      | Found a shattered altar of Ashenzari.
  1295 | D:6      | Found a staircase to the Ecumenical Temple.
  1329 | D:6      | Reached skill level 6 in Axes
  1329 | D:6      | Reached XP level 7. HP: 56/66 MP: 7/7
  1640 | D:6      | wtf...
  1724 | D:7      | Found Shuryhah's Distillery.
  1734 | D:7      | Reached skill level 5 in Fighting
  1745 | D:7      | Noticed a hippogriff
  1756 | D:7      | Killed a hippogriff
  1756 | D:7      | Reached skill level 7 in Axes
  1756 | D:7      | Reached XP level 8. HP: 43/74 MP: 8/8
  1781 | D:7      | Bought a potion of mutation for 32 gold pieces
  1781 | D:7      | Bought a potion of haste for 91 gold pieces
  1781 | D:7      | Bought a potion of agility for 32 gold pieces
  1782 | D:7      | Gained mutation: You are resistant to hostile enchantments. [potion of mutation]
  1782 | D:7      | Gained mutation: You have a fast metabolism. [potion of mutation]
  1835 | D:7      | Found Jemour's Gadget Shoppe.
  1907 | D:7      | Found Staj's Weapon Boutique.
  1995 | D:7      | Reached skill level 8 in Axes
  2110 | D:7      | Found Lymaom's Armour Shop.
  2127 | D:7      | Found Tyclefat's Antique Weapon Shop.
  2260 | D:9      | Reached skill level 1 in Evocations
  2408 | D:8      | Reached XP level 9. HP: 76/82 MP: 11/11
  2476 | D:10     | Entered Level 10 of the Dungeon
  2498 | D:9      | Reached skill level 5 in Armour
  2617 | D:10     | Reached skill level 9 in Axes
  2721 | D:10     | Noticed a gargoyle
  2733 | D:10     | Killed a gargoyle
  2808 | D:11     | Reached XP level 10. HP: 84/94 MP: 16/16
  2809 | D:11     | Reached skill level 10 in Axes
  2944 | D:11     | Acquired Trog's third power
  3003 | D:12     | Noticed a hill giant
  3128 | D:12     | Noticed a hill giant
  3162 | D:12     | Killed a hill giant
  3207 | D:11     | Noticed Urug
  3208 | D:11     | :(
  3233 | D:11     | Killed Urug
  3233 | D:11     | Reached skill level 5 in Evocations
  3451 | D:12     | Reached skill level 11 in Axes
  3540 | D:13     | Noticed a harpy
  3544 | D:13     | Killed a harpy
  3552 | D:13     | Noticed a shock serpent
  3556 | D:13     | Noticed a swamp dragon
  3556 | D:13     | a shock serpent changed into a swamp dragon
  3595 | D:12     | Reached XP level 11. HP: 22/103 MP: 20/20
  3783 | D:12     | Noticed a skeletal warrior
  3990 | D:13     | Noticed a centaur warrior
  4009 | D:13     | Killed a centaur warrior
  4009 | D:13     | Reached skill level 12 in Axes
  4069 | D:13     | Found a gate to the Vaults.
  4069 | D:13     | Noticed a shock serpent
  4069 | D:13     | a swamp dragon changed into a shock serpent
  4073 | D:13     | a shock serpent changed into a glowing shapeshifter
  4501 | D:7      | Bought a glowing war axe for 108 gold pieces
  4501 | D:7      | Bought a glowing war axe for 108 gold pieces
  4769 | D:9      | Found a staircase to the Orcish Mines.
  4789 | Orc:1    | Entered Level 1 of the Orcish Mines
  4863 | Orc:1    | Received a gift from Trog
  4864 | Orc:1    | 1st crap
  5075 | Orc:1    | Found Yngism's Weapon Shop.
  5232 | Orc:3    | Found an iron altar of Okawaru.
  5304 | Orc:3    | Found Evuemun's Gadget Shop.
  5312 | Orc:3    | Noticed a stone giant
  5332 | Orc:3    | Killed a stone giant
  5332 | Orc:3    | Reached XP level 12. HP: 15/114 MP: 23/23
  5520 | Orc:3    | Noticed an orc high priest
  5531 | Orc:3    | Killed an orc high priest
  5581 | Orc:3    | Found a roughly hewn altar of Beogh.
  5802 | Orc:4    | Entered Level 4 of the Orcish Mines
  5802 | Orc:4    | Noticed Joseph
  5816 | Orc:4    | Killed Joseph
  5816 | Orc:4    | Reached skill level 13 in Axes
  5843 | Orc:4    | Received a gift from Trog
  5844 | Orc:4    | 2nd crap
  6091 | Orc:4    | Found Plecoz's General Store.
  6162 | Orc:4    | Bought a potion of degeneration for 22 gold pieces
  6162 | Orc:4    | Bought a scroll of enchant weapon I for 38 gold pieces
  6162 | Orc:4    | Bought a potion of curing for 22 gold pieces
  6363 | Orc:4    | Found a staircase to the Elven Halls.
  6434 | Orc:4    | Found Wipt's Armour Shop.
  6577 | Orc:4    | Received a gift from Trog
  6578 | Orc:4    | 3rd crap
  6771 | Orc:4    | Found Uplasoal's Antique Weapon Emporium.
  6790 | Orc:4    | Bought a runed war axe for 101 gold pieces
  6812 | Orc:4    | Found a roughly hewn altar of Beogh.
  6842 | Orc:4    | Found Smim's Distillery.
  6860 | Orc:4    | Reached skill level 10 in Fighting
  6882 | Orc:4    | Bought a potion of curing for 24 gold pieces
  6882 | Orc:4    | Bought 2 potions of magic for 132 gold pieces
  6882 | Orc:4    | Bought a potion of heal wounds for 36 gold pieces
  6882 | Orc:4    | Bought a potion of restore abilities for 36 gold pieces
  6882 | Orc:4    | Bought a potion of curing for 24 gold pieces
  6882 | Orc:4    | Bought a potion of flight for 36 gold pieces
  6991 | Orc:3    | Bought a wand of digging (12) for 416 gold pieces
  7015 | Elf:1    | Entered Level 1 of the Elven Halls
  7029 | Elf:1    | Identified a scroll of acquirement
  7030 | Elf:1    | Got a jewelled plate armour
  7052 | Elf:1    | Identified the -2 plate armour of Analysis {rPois Acc-2 Stlth+} (You acquired it on level 1 of the Elven Halls)
  7052 | Elf:1    | rotfl
  7052 | Elf:1    | 4th trash
  7052 | Elf:1    | 4th=RIP
  7052 | Elf:1    | 4thArraofRIPa
  7096 | Elf:2    | Found Frecawag's Food Shoppe.
  7111 | Elf:2    | Bought a bread ration for 57 gold pieces
  7111 | Elf:2    | Bought a meat ration for 65 gold pieces
  7111 | Elf:2    | Bought a bread ration for 57 gold pieces
  7111 | Elf:2    | Bought a meat ration for 65 gold pieces
  7149 | Elf:3    | Entered Level 3 of the Elven Halls
  7158 | Elf:3    | Reached XP level 13. HP: 98/123 MP: 25/25
  7161 | Elf:3    | Reached skill level 14 in Axes
  7317 | Elf:3    | Gained mutation: You tend to lose your temper in combat. [a shining eye]
  7318 | Elf:3    | rotfl
  7380 | Elf:3    | Found Etuiwigu's Armour Boutique.
  7444 | Elf:3    | Noticed a deep elf annihilator
  7447 | Elf:3    | Noticed a deep elf blademaster
  7461 | Elf:3    | Killed a deep elf blademaster
  7463 | Elf:3    | Killed a deep elf annihilator
  7463 | Elf:3    | Reached skill level 10 in Evocations
  7483 | Elf:3    | Noticed a deep elf high priest
  7490 | Elf:3    | Killed a deep elf high priest
  7499 | Elf:3    | Noticed a deep elf demonologist
  7504 | Elf:3    | Killed a deep elf demonologist
  7514 | Elf:3    | Noticed a deep elf demonologist
  7523 | Elf:3    | Noticed a green death
  7526 | Elf:3    | Noticed a balrug
  7527 | Elf:3    | Killed a deep elf demonologist
  7530 | Elf:3    | Noticed a deep elf annihilator
  7534 | Elf:3    | Killed a deep elf annihilator
  7535 | Elf:3    | Noticed a deep elf sorcerer
  7539 | Elf:3    | Killed a deep elf sorcerer
  7574 | Elf:3    | Noticed a deep elf annihilator
  7574 | Elf:3    | Noticed a deep elf blademaster
  7595 | Elf:3    | Killed a deep elf annihilator
  7595 | Elf:3    | Reached skill level 15 in Axes
  7596 | Elf:3    | Killed a deep elf blademaster
  7612 | Elf:3    | Noticed a deep elf annihilator
  7619 | Elf:3    | Killed a deep elf annihilator
  7619 | Elf:3    | Reached XP level 14. HP: 12/135 MP: 27/27
  7630 | Elf:3    | Noticed a deep elf death mage
  7638 | Elf:3    | Killed a deep elf death mage
  7670 | Elf:3    | Noticed a deep elf annihilator
  7691 | Elf:3    | HP: 8/202 [deep elf annihilator/crystal spear (73)]
  7693 | Elf:3    | Killed a deep elf annihilator
  7710 | Elf:3    | Got a twitching silver amulet
  7752 | Elf:3    | Noticed a deep elf demonologist
  7772 | Elf:3    | Noticed a balrug
  7774 | Elf:3    | Killed a deep elf demonologist
  7816 | Elf:3    | Noticed a deep elf sorcerer
  7832 | Elf:3    | Killed a deep elf sorcerer
  7840 | Elf:3    | Noticed a deep elf demonologist
  7841 | Elf:3    | Noticed a deep elf master archer
  7853 | Elf:3    | Killed a deep elf demonologist
  7859 | Elf:3    | Killed a deep elf master archer
  7894 | Elf:3    | Noticed a deep elf death mage
  7901 | Elf:3    | Identified the amulet of Chenaof {rMut rC+ Dex+2 SInv} (You took it off a deep elf annihilator on level 3 of the Elven Halls)
  7909 | Elf:3    | Killed a deep elf death mage
  7910 | Elf:3    | Noticed a deep elf sorcerer
  7919 | Elf:3    | Killed a deep elf sorcerer
  7919 | Elf:3    | Reached skill level 10 in Armour
  7939 | Elf:3    | Noticed a deep elf sorcerer
  7943 | Elf:3    | Killed from afar by a deep elf sorcerer

Action                   |  1- 3 |  4- 6 |  7- 9 | 10-12 | 13-15 || total
-------------------------+-------+-------+-------+-------+-------++-------
Melee: Hand axe          |    60 |   123 |       |       |       ||   183
       War axe           |       |    12 |   257 |   706 |   124 ||  1099
       Broad axe         |       |       |       |    64 |       ||    64
       Battleaxe         |       |       |       |       |    49 ||    49
Throw: Javelin           |       |       |       |     2 |       ||     2
Invok: Berserk           |     3 |     1 |     9 |    29 |     5 ||    47
       Trog's Hand       |       |     1 |    12 |    42 |    16 ||    71
       Brothers in Arms  |       |       |       |     3 |     3 ||     6
 Abil: Spit Poison       |       |     9 |     6 |     1 |       ||    16
Evoke: Wand              |       |       |     3 |     6 |     3 ||    12
  Use: Potion            |     2 |       |     1 |     9 |     2 ||    14
       Scroll            |       |       |     1 |    19 |     7 ||    27
 Stab: Distracted        |       |       |       |       |     2 ||     2

Vault maps used:
D:1:      minmay_arrival_cross, kennysheep_decorative_pillar
D:2:      first_bread
D:3:      minmay_door_path, grunt_dithmenos_smoke_and_mirrors,
          nemelex_lonely_heart_becter
D:6:      grunt_temple_overflow_open, minmay_temple_entry_grid,
          portal_sewer_entry_b, minmay_misc_feat_enclosed, uniq_natasha
D:7:      serial_shops, shop, kennysheep_mini_moat, shop_statue, shop_statue,
          shop
D:8:      st_stairs_12
D:9:      hiddenorc1_lemuel, erik_lair_orcish_takeover
D:10:     grunt_ministairs_2
D:11:     uniq_urug
D:13:     david_vaults_2, hangedman_fish_farm, billiards_dpeg
Orc:1:    serial_shops, shop, mines4_lemuel
Orc:2:    serial_shops, shop, shop, shop, nicolae_shop_trees
Orc:3:    basic_altar, serial_shops, shop_statue, nicolae_orc_pool_cavern,
          bh_open_orc_temple
Orc:4:    st_orc_town, uniq_joseph
Elf:1:    guppyfry_library_mini
Elf:2:    serial_shops, shop, grunt_ministairs_12, wad_floor_pattern_1,
          uniq_azrael, uniq_snorg
Elf:3:    elf_hall, serial_shops, shop, grunt_megastairs_3
